 Dungeon Crawl Stone Soup version 0.29.1-2-gbd0b4ee654 (webtiles) character file.

Game seed: 1995511420933995541

386 Icepheonix32 the Changer (level 6, -2/38 HPs)
             Began as an Octopode Transmuter on Nov 18, 2022.
             Slain by a gnoll
             ... wielding a +0 spear
              (8 damage)
             ... on level 3 of the Dungeon.
             The game lasted 00:08:46 (4370 turns).

Icepheonix32 the Changer (Octopode Transmuter)      Turns: 4370, Time: 00:08:46

Health: -2/38      AC:  1    Str: 15    XL:     6   Next: 78%
Magic:  7/9        EV: 13    Int: 14    God:
Gold:   205        SH:  0    Dex: 12    Spells: 3/9 levels left

rFire   . . .      SeeInvis +   l - +3 short sword (flame)
rCold   . . .      Faith    .   (no shield)
rNeg    . . .      Spirit   .   (helmet restricted)
rPois   .          Reflect  .   (no amulet)
rElec   .          Harm     .   e - ring of see invisible
rCorr   .          Rampage  .   (no ring)
Will    .....                   (no ring)
Stlth   +++.......              (no ring)
HPRegen 0.12/turn               (no ring)
MPRegen 0.11/turn               (no ring)
                                (no ring)
                                (no ring)

@: weakened, wereblooded
A: almost no armour, amphibious, 8 rings, camouflage 1, gelatinous body 1,
(nimble swimmer 1), tentacles, strong 1
a: no special abilities


You were on level 3 of the Dungeon.
You visited 1 branch of the dungeon, and saw 3 of its levels.
You also visited: Sewer.

You collected 205 gold pieces.

Inventory:

Hand Weapons
 l - a +3 short sword of flaming (weapon)
Missiles
 d - 3 poisoned darts
 k - 6 silver boomerangs
Jewellery
 e - a ring of see invisible (left tentacle)
 f - a +4 ring of slaying
Wands
 a - a wand of roots (5)
Scrolls
 b - a scroll of brand weapon
 i - a scroll of enchant weapon
 m - 3 scrolls of identify
 o - a scroll of blinking
Potions
 c - 3 potions of curing
 g - a potion of magic {unknown}
 h - a potion of heal wounds
 j - a potion of flight
 n - 2 potions of cancellation {unknown}


   Skills:
 + Level 1.3 Fighting
 + Level 1.8 Short Blades
 + Level 0.4 Throwing
 + Level 2.8 Dodging
 + Level 2.5 Stealth
 + Level 3.3 Unarmed Combat
 + Level 2.3 Spellcasting
 * Level 4.9 Transmutations
 * Level 2.2 Poison Magic


You had 3 spell levels left.
You knew the following spells:

 Your Spells              Type           Power      Damage    Failure   Level
a - Beastly Appendage     Tmut           30%        N/A       3%          1
b - Spider Form           Tmut/Pois      11%        N/A       16%         3
c - Wereblood             Tmut           15%        N/A       4%          2

Your spell library contained the following spells:

 Spells                   Type           Power      Damage    Failure   Level
 Ice Form                 Ice/Tmut       8%         N/A       63%         4


Dungeon Overview and Level Annotations

Branches:
Dungeon (3/15)              Sewer (visited)

Altars:

Annotations:
D:3 3 runed translucent doors, Jingleheimer's ghost, amateur VSAK; wingedge's ghost, amateur MfIE


Innate Abilities, Weirdness & Mutations

You cannot wear most types of armour.
You are amphibious.
You can wear up to eight rings at the same time.
Your skin changes colour to match your surroundings (Stealth+).
Your rubbery body absorbs attacks. (AC +1, EV +1)
((You are camouflaged when in or above water. (Stealth+)))
You have tentacles for arms and can constrict up to eight enemies at once.
Your muscles are strong. (Str +4, Int/Dex -1)


Message History

Casting: Beastly Appendage (safe; 3% risk of failure)
Confirm with . or Enter, or press ? or * to list all spells.
Your blood is infused with primal strength.
There is a large open door here.
Things that are here:
a +0 falchion; an amulet of regeneration; an orc corpse The gnoll shouts!
You hit the gnoll bouda but do no damage.
Your grab misses the gnoll bouda.
The gnoll bouda barks out a call to the hunt!
The gnoll picks up the pace!
The orc misses you.
You hit the gnoll bouda. You burn the gnoll bouda. You grab the gnoll bouda.
You squeeze the gnoll bouda, but do no damage.
The gnoll bouda is lightly wounded.
You constrict the gnoll bouda, but do no damage.
The gnoll bouda hits you with a +0 club!
The orc completely misses you.
You hit the gnoll bouda but do no damage.
The gnoll bouda is lightly wounded.
You constrict the gnoll bouda, but do no damage.
The gnoll bouda struggles to escape constriction.
The orc hits you with a +0 flail!
You hit the gnoll bouda. You burn the gnoll bouda.
The gnoll bouda is heavily wounded.
You constrict the gnoll bouda.
The gnoll bouda escapes!
The orc hits you with a +0 flail.
The gnoll hits you from afar with a +0 spear.
Unknown command.
You are too injured to fight recklessly!
You barely miss the gnoll bouda. Your grab misses the gnoll bouda.
You squeeze the gnoll bouda.
The gnoll bouda is severely wounded.
The gnoll bouda gazes fiercely through you!
You feel your attacks grow feeble.
The gnoll bouda hits you with a +0 club!
* * * LOW HITPOINT WARNING * * *
The orc barely misses you.
The gnoll hits you from afar with a +0 spear!
You die...

~~~≈≈~~~≈≈~~....≈~~~~~~≈~~~)#####
............................#)..#
############''')#############...#
#....# #'### #....# ..#.≈ #....#
...#.~ #.[..#######' #.~
...#....#o...... #.~
8..'....@.g..... #.~
8..'....g....... #.~
...#8..8#....... #.~
################ #.~ #+###
#############################...#
†..†............[...........#oog#
~~~≈~~~~≈≈~~~~†~~~~~~†≈≈~≈≈~#####
≈≈≈≈≈≈≈≈≈≈≈≈≈††~~≈≈≈≈≈≈≈≈≈≈~≈≈≈≈≈


You could see a gnoll bouda, a gnoll (swift) and an orc.

Vanquished Creatures
  Pargi (Sewer)
  3 hounds (D:3)
  4 gnolls (D:3)
  6 adders
  A river rat (D:3)
  3 worms
  3 dart slugs
  4 orcs (D:3)
  7 endoplasms
  4 giant cockroaches
  7 goblins
  3 hobgoblins (D:2)
  11 jackals (D:3)
  13 kobolds
  4 ball pythons
  3 bats
  2 frilled lizards (D:2)
  6 rats
85 creatures vanquished.

Vanquished Creatures (others)
  A plant (D:3)
1 creature vanquished.

Grand Total: 86 creatures vanquished

Notes
Turn   | Place    | Note
-------+----------+-------------------------------------------
     0 | D:1      | Icepheonix32 the Octopode Transmuter began the quest for
                  | the Orb.
     0 | D:1      | Reached XP level 1. HP: 13/13 MP: 3/3
   197 | D:1      | Reached XP level 2. HP: 18/18 MP: 5/5
   514 | D:1      | Reached skill level 3 in Transmutations
   597 | D:1      | Found a faded altar of an unknown god.
  1247 | D:2      | Reached XP level 3. HP: 20/23 MP: 4/6
  1383 | D:2      | Gained mutation: You are frail. (-10% HP) [potion of
                  | mutation]
  1530 | D:2      | Reached skill level 4 in Transmutations
  1999 | D:2      | Reached XP level 4. HP: 13/25 MP: 7/7
  2179 | D:2      | Learned a level 3 spell: Spider Form
  2182 | D:2      | Learned a level 2 spell: Wereblood
  2595 | D:3      | Found a runed translucent gate.
  2596 | D:3      | Found a runed translucent gate.
  2597 | D:3      | Found a runed translucent gate.
  2599 | D:3      | Noticed Jingleheimer's ghost (amateur VSAK)
  2599 | D:3      | Noticed wingedge's ghost (amateur MfIE)
  2908 | D:3      | Found a glowing drain.
  2921 | Sewer    | Entered a sewer
  3095 | Sewer    | Reached XP level 5. HP: 29/29 MP: 8/8
  3120 | Sewer    | Noticed Pargi
  3156 | Sewer    | Killed Pargi
  3157 | Sewer    | Reached skill level 1 in Short Blades
  3157 | Sewer    | Reached skill level 1 in Poison Magic
  3549 | D:3      | Reached XP level 6. HP: 28/34 MP: 9/9
  4175 | D:3      | Lost mutation: You are frail. (-10% HP) [potion of
                  | mutation]
  4175 | D:3      | Gained mutation: Your muscles are strong. (Str +4, Int/Dex
                  | -1) [potion of mutation]
  4370 | D:3      | Slain by a gnoll

Illustrated notes

Levels and vault maps discovered:
D:1:      psy_arrival_fountain, layout_basic,
          shapermc_ecumenical_altar_starsandcircs
D:2:      layout_loops_cross
D:3:      lemuel_castle_with_subvaults [lemuel_castle_interior_carwin_2],
          layout_loops_ring, portal_sewer_entry_a, gammafunk_ghost_cemetery,
          grunt_ministairs_15

Skill      XL: |  1  2  3  4  5  6 |
---------------+-------------------+-----
Transmutations | 3 4 |  4.9
Short Blades   | 1 |  1.8
Stealth        | 2 |  2.5
Poison Magic   | 1 2 |  2.2
Fighting       | |  1.3
Throwing       | |  0.4
Dodging        | |  2.8
Unarmed Combat | |  3.3
Spellcasting   | |  2.3

Action                   |  1- 3 |  4- 6 || total
-------------------------+-------+-------++-------
Melee: Unarmed           |    48 |    17 ||    65
       Kick              |    20 |     9 ||    29
       Constrict         |    18 |    22 ||    40
       Tentacles         |    16 |    22 ||    38
       Short sword       |    17 |   107 ||   124
       Punch             |       |     4 ||     4
Throw: Boomerang         |     1 |       ||     1
       Dart              |       |     8 ||     8
 Cast: Beastly Appendage |    16 |     8 ||    24
       Spider Form       |       |     3 ||     3
       Wereblood         |       |     3 ||     3
  Use: Scroll            |     7 |     6 ||    13
       Potion            |     2 |     2 ||     4
 Stab: Sleeping          |     3 |    12 ||    15
Armor: Skin              |     2 |    63 ||    65
Dodge: Dodged            |    23 |    84 ||   107
